 Dungeon Crawl Stone Soup version 0.29-a0-193-ga21e45360d (webtiles) character file.

Game seed: 13808109333683263081

270 elgenn the Chiller (level 6, 32/32 HPs)
             Began as a Deep Elf Ice Elementalist on Dec 25, 2020.
             Quit the game on level 3 of the Dungeon on Feb 22, 2022.
             The game lasted 00:12:51 (2560 turns).

elgenn the Chiller (Deep Elf Ice Elementalist)      Turns: 2560, Time: 00:12:51

Health: 32/32      AC:  3    Str:  5    XL:     6   Next: 1%
Magic:  15/15      EV: 12    Int: 22    God:
Gold:   60         SH:  0    Dex: 15    Spells: 10/14 levels left

rFire   . . .      SeeInvis .   h - +0 hunting sling
rCold   . . .      Faith    .   (no shield)
rNeg    . . .      Spirit   .   a - +0 robe
rPois   .          Reflect  .   (no helmet)
rElec   .          Harm     .   (no cloak)
rCorr   .          Rampage  .   (no gloves)
Will    .....                   b - +0 pair of boots
Stlth   +++.......              (no amulet)
HPRegen 0.10/turn               (no ring)
MPRegen 0.14/turn               (no ring)

@: no status effects
A: no striking features
a: no special abilities


You were on level 3 of the Dungeon.
You visited 1 branch of the dungeon, and saw 3 of its levels.

You collected 60 gold pieces.

Inventory:

Hand Weapons
 h - a +0 hunting sling (weapon)
Missiles
 r - 48 sling bullets
Armour
 a - a +0 robe (worn)
 b - a +0 pair of boots (worn)
Jewellery
 l - a ring of obsoleteness
Scrolls
 c - a scroll of fog {unknown}
 d - a scroll of immolation {unknown}
 e - a scroll of removedness
 j - 4 scrolls of identify {unknown}
 k - 2 scrolls of teleportation {unknown}
 m - 2 scrolls of removedness
 n - a scroll of amnesia {unknown}
 q - a scroll of enchant armour {unknown}
 s - a scroll of enchant weapon {unknown}
 t - a scroll of noise {unknown}
Potions
 f - a potion of experience {unknown}
 g - 2 potions of curing
 i - a potion of lignification {unknown}
 o - a potion of attraction {unknown}
 p - 2 potions of might {unknown}


   Skills:
 + Level 1.7 Slings
 - Level 2.4 Dodging
 + Level 4.2 Stealth
 + Level 4.7 Spellcasting
 * Level 6.1 Ice Magic


You had 10 spell levels left.
You knew the following spells:

 Your Spells              Type           Power      Damage    Failure   Level
a - Freeze                Ice            100%       1d11      1%          1
b - Frozen Ramparts       Ice            64%        1d8       2%          3

Your spell library contained the following spells:

 Spells                   Type           Power      Damage    Failure   Level
 Ozocubu's Armour         Ice            32%        N/A       2%          3
 Magic Dart               Conj           20%        1d4       11%         1
 Slow                     Hex            20%        N/A       11%         1
 Blink                    Tloc           10%        N/A       16%         2
 Call Imp                 Summ           5%         N/A       16%         2
 Hailstorm                Conj/Ice       18%        3d6       28%         4
 Summon Ice Beast         Ice/Summ       18%        N/A       28%         4
 Conjure Flame            Conj/Fire      5%         6-21      30%         3
 Mephitic Cloud           Conj/Pois/Air  5%         N/A       30%         3


Dungeon Overview and Level Annotations

Branches:
Dungeon (3/15)

Altars:

Annotations:
D:3 Natasha


Message History

r - 48 sling bullets (gained 1)
j - 4 scrolls labelled RIMOEW BOVU (gained 1)
Found an escape hatch in the ceiling.
g - 2 potions of curing (gained 1)
A rat comes into view.
Casting: Frozen Ramparts (dangerous; 2% risk of failure)
Confirm with . or Enter, or press ? or * to list all spells.
Aiming: Freeze (safe; 1% risk of failure)
Press: ? - help, Shift-Dir - straight line, f - rat
Aim: a rat (asleep)
You freeze the rat.
You kill the rat!
Found a stone staircase leading down.
Okay, then.
Unknown command.
Welcome back, elgenn the Deep Elf Ice Elementalist.
Press ? for a list of commands and other information.
An orc comes into view.
Natasha, Servant of Life and Death comes into view.
Really attack while wielding your +0 hunting sling? [Y]es or [N]o only, please.
Really attack while wielding your +0 hunting sling? [Y]es or [N]o only, please.
Really attack while wielding your +0 hunting sling? [Y]es or [N]o only, please.
Really attack while wielding your +0 hunting sling? [Y]es or [N]o only, please.
Really attack while wielding your +0 hunting sling? [Y]es or [N]o only, please.
Really attack while wielding your +0 hunting sling? [Y]es or [N]o only, please.
Really attack while wielding your +0 hunting sling?
Okay, then.
Okay, then.
Okay, then.
Unknown command.
Unknown command.
Unknown command.
Unknown command.
Are you sure you want to abandon this character and quit the game? (Confirm with "yes".)

##################
#@................
......o..###############
....h....# .........#
.........# .........# ##
#######.## #. #.# #. #.


You could see Natasha (wandering) and an orc.

Vanquished Creatures
  Sigmund (D:2)
  Natasha (D:3)
  Robin (D:2)
  3 adders
  A dart slug (D:1)
  An orc (D:3)
  2 removed leopard geckos
  4 bats
  6 giant cockroaches
  11 goblins
  12 hobgoblins
  2 kobolds
  A quokka (D:2)
  2 frilled lizards
  5 rats
53 creatures vanquished.

Notes
Turn   | Place    | Note
-------+----------+-------------------------------------------
     0 | D:1      | elgenn the Deep Elf Ice Elementalist began the quest for
                  | the Orb.
     0 | D:1      | Reached XP level 1. HP: 10/10 MP: 6/6
   140 | D:1      | Reached XP level 2. HP: 13/15 MP: 6/8
  1275 | D:2      | Reached XP level 3. HP: 19/19 MP: 8/10
  1279 | D:2      | Learned a level 3 spell: Frozen Ramparts
  1286 | D:2      | Reached skill level 5 in Ice Magic
  1378 | D:2      | Noticed Sigmund
  1399 | D:2      | Killed Sigmund
  1400 | D:2      | Reached skill level 1 in Slings
  1400 | D:2      | Reached XP level 4. HP: 9/24 MP: 6/12
  1400 | D:2      | Reached XP level 5. HP: 11/28 MP: 6/13
  1736 | D:2      | Noticed Robin
  1742 | D:2      | Killed Robin
  1940 | D:2      | Reached skill level 6 in Ice Magic
  2333 | D:3      | Noticed Natasha
  2339 | D:3      | Killed Natasha
  2340 | D:3      | Reached XP level 6. HP: 32/32 MP: 10/15
  2511 | D:3      | Upgraded the game from 0.26-a0-1161-g0398aca569 to
                  | 0.29-a0-193-ga21e45360d
  2557 | D:3      | Noticed Natasha
  2560 | D:3      | Quit the game

Illustrated notes

Levels and vault maps discovered:
D:1:      shiori_arrival_maze, layout_basic
D:2:      layout_basic, minmay_worlds_worst_comb, uniq_sigmund, uniq_robin
D:3:      layout_basic, uniq_natasha

Skill      XL: |  1  2  3  4  5 |
---------------+----------------+-----
Stealth        | 3 4 |  4.2
Ice Magic      | 5 6 |  6.1
Slings         | 1 |  1.7
Spellcasting   | 4 |  4.7
Dodging        | |  2.4

Action                   |  1- 3 |  4- 6 || total
-------------------------+-------+-------++-------
Melee: Unarmed           |     1 |       ||     1
 Fire: Hunting sling     |    37 |    34 ||    71
 Cast: Freeze            |    30 |     7 ||    37
       Frozen Ramparts   |     2 |     8 ||    10
Armor: Robe              |     7 |       ||     7
Dodge: Dodged            |    16 |     7 ||    23

Table legend: (Time is in decaauts)
 A = Elapsed time spent in this place.
 B = Non-inter-level travel time spent in this place.
 C = Inter-level travel time spent in this place.
 D = Time resting spent in this place.
 E = Time spent auto-exploring this place.
 F = Levels seen in this place.
 G = Mean time per level.
                   A        B        C        D        E       F      G
               +--------+--------+--------+--------+--------+-----+--------+
         Total |   2570 |   2493 |     77 |    234 |   1745 |   3 |  856.7 |
       Dungeon |   2570 |   2493 |     77 |    234 |   1745 |   3 |  856.7 |
               +--------+--------+--------+--------+--------+-----+--------+

Top non-repeatable levels by time:
     D:2: 1148 daAuts
     D:1: 998 daAuts
     D:3: 423 daAuts
